 Dungeon Crawl Stone Soup version 0.19.0-18-g426998a (webtiles) character file.

65 MovingMist the Covered (level 3, -1/33 HPs)
             Began as a Minotaur Fighter on Nov 11, 2016.
             Slain by a water moccasin (3 damage)
             ... on level 3 of the Dungeon.
             The game lasted 00:04:18 (1363 turns).

MovingMist the Covered (Minotaur Fighter)           Turns: 1363, Time: 00:04:19

Health: -1/33      AC:  8    Str: 20    XL:     3   Next: 94%
Magic:  2/2        EV:  8    Int:  5    God:
Gold:   39         SH:  9    Dex: 10    Spells: 0 memorised, 2 levels left

rFire  + . .     SeeInvis +     a - +0 long sword
rCold  . . .     Gourm    .     b - +0 scale mail
rNeg   . . .     Faith    .     c - +0 shield
rPois  .         Spirit   .     (helmet restricted)
rElec  .         Reflect  .     g - +0 cloak
rCorr  .         Harm     .     (no gloves)
MR     .....                    (no boots)
Stlth  ..........               (no amulet)
                                r - ring of protection from fire
                                e - ring of see invisible

@: lethally poisoned (-1 -> -7)
A: retaliatory headbutt, horns 2
a: no special abilities


You were on level 3 of the Dungeon.
You were hungry.

You visited 1 branch of the dungeon, and saw 3 of its levels.

You collected 39 gold pieces.

Inventory:

Hand Weapons
 a - a +0 long sword (weapon)
Armour
 b - a +0 scale mail (worn)
 c - a +0 shield (worn)
 g - a +0 cloak (worn)
Jewellery
 e - a ring of see invisible (left hand)
 p - an uncursed ring of protection from cold
 r - a ring of protection from fire (right hand)
Scrolls
 i - 2 scrolls of identify {unknown}
 k - a scroll of fear {unknown}
 n - 3 scrolls of remove curse {unknown}
Potions
 d - a potion of might
 h - a potion of heal wounds {unknown}
 j - a potion of beneficial mutation {unknown}
 l - a potion of invisibility {unknown}
 o - a potion of brilliance {unknown}
Comestibles
 f - 2 bread rations
 m - a beef jerky
 q - 6 chunks of flesh


   Skills:
 + Level 4.2 Fighting
 + Level 3.2 Long Blades
 + Level 4.3 Armour
 + Level 1.9 Dodging
 - Level 3.6 Shields


You had 2 spell levels left.
You didn't know any spells.

Dungeon Overview and Level Annotations

Branches:
Dungeon (2/15)

Altars:


Innate Abilities, Weirdness & Mutations

You reflexively headbutt those who attack you in melee.
You have a pair of horns on your head.


Message History

* * * LOW HITPOINT WARNING * * *
You feel sick.
You block the water moccasin's attack. x2
You hit the water moccasin.
The water moccasin is heavily wounded.
The water moccasin barely misses you. The water moccasin closely misses you.
You riposte.
You closely miss the water moccasin.
The water moccasin is moderately wounded.
You closely miss the water moccasin.
The water moccasin is moderately wounded.
* * * LOW HITPOINT WARNING * * *
You feel sick. You block the water moccasin's attack.
The water moccasin bites you but does no damage.
You hit the water moccasin.
Your headbutt misses the water moccasin.
The water moccasin is heavily wounded.
* * * LOW HITPOINT WARNING * * *
You feel sick.
The water moccasin bites you but does no damage.
The water moccasin bites you.
You die...

.##..................#
#####..##......#.#....
............#....##...
#######........... ...
#.###........ #.#
.#...## #.###.#....
#...#...##.
###@......#
#...#S...#.. #....
.....# ....... ......#
##..... ......# #.....
......# ##.... .......
##... #>..###


You could see a water moccasin.

Vanquished Creatures
  2 adders (D:2)
  An ooze (D:2)
  A worm (D:3)
  2 dart slugs
  2 leopard geckos (D:1)
  3 giant cockroaches
  7 goblins
  A hobgoblin (D:1)
  5 kobolds
  5 bats
  5 rats
  A plant (D:1)
35 creatures vanquished.

Notes
Turn   | Place    | Note
-------+----------+-------------------------------------------
     0 | D:1      | MovingMist the Minotaur Fighter began the quest for the Orb.
     0 | D:1      | Reached XP level 1. HP: 19/19 MP: 0/0
   164 | D:1      | Reached XP level 2. HP: 27/27 MP: 1/1
   450 | D:1      | Reached skill level 1 in Dodging
   636 | D:1      | Reached XP level 3. HP: 33/33 MP: 2/2
  1297 | D:2      | You fall through a shaft!
  1348 | D:3      | Noticed a water moccasin
  1363 | D:3      | Slain by a water moccasin

Skill      XL: |  1  2  3 |
---------------+----------+-----
Armour         | 4 |  4.3
Dodging        | 1 |  1.9
Fighting       | 4 |  4.2
Long Blades    | 3 |  3.2
Shields        | |  3.6

Action                   || total
-------------------------++-------
Melee: Long sword        ||    98
       Headbutt          ||    21
  Eat: Chunk             ||     1
Armor: Scale mail        ||    38
Dodge: Dodged            ||    30
Block: Shield            ||    41
       Rpst.: Long sword ||     7
